Map: 데스오라 - 래더

Players

Kelazhur

  • Race: Terran Terran
  • League: Master
  • Spawn Location: 5:00

DRG - Winner!

  • Race: Zerg Zerg
  • Spawn Location: 11:00

Event: StayAtHome Story Cup #3

VOD

Have the link to the VOD?

Description

Time

  • Played on: March 11, 2021, 7:28 a.m.
  • Length: 10:58

All games in this series

Show
View Real Time Build Order
Export as new Build Order

Kelazhur Terran 

Build Orders: Reaper Expand, Hellion Banshee, Mech 

Get SALT Encoding   

  12  0:00  SCV  
  13  0:12  SCV  
  14  0:16  Supply Depot  
  14  0:24  SCV  
  15  0:38  SCV  
  15  0:39  Barracks  
  16  0:43  Refinery  
  16  0:50  SCV  
  17  1:02  SCV  
  18  1:14  SCV  
  19  1:26  Reaper, Orbital Command  
  20  1:38  Command Center  
  20  1:46  Supply Depot  
  20  1:52  SCV  
  21  1:58  Marine  
  22  2:04  Factory  
  22  2:07  SCV  
  23  2:20  Barracks Reactor, Refinery  
  23  2:22  SCV  
  24  2:34  SCV  
  25  2:46  SCV  
  25  2:50  Orbital Command  
  26  2:54  Starport  
  26  2:58  SCV  
  26  3:05  Barracks Tech Lab, Hellion x2  
  31  3:10  SCV  
  32  3:17  SCV  
  33  3:23  SCV  
  33  3:27  Hellion x2  
  38  3:32  SCV  
  39  3:35  Supply Depot  
  39  3:38  SCV  
  39  3:40  Banshee, Cloaking Field  
  43  3:44  SCV  
  43  3:48  Hellion  
  46  3:56  Supply Depot  
  46  3:57  SCV x2, Hellion  
  50  4:03  Supply Depot  
  50  4:09  SCV  
  51  4:11  Armory  
  51  4:12  SCV  
  51  4:15  Hellion  
  54  4:18  Hellion  
  54  4:21  SCV  
  54  4:23  Banshee  
  60  4:24  SCV  
  60  4:31  Supply Depot x2  
  61  4:33  SCV  
  61  4:36  SCV  
  63  4:42  Hellion, Command Center  
  63  4:44  Hellion  
  67  4:48  SCV  
  68  4:58  SCV  
  67  5:03  Refinery  
  67  5:04  SCV  
  67  5:05  Refinery  
  68  5:10  SCV  
  66  5:14  Hellion  
  66  5:15  Hellion  
  66  5:16  SCV  
  66  5:18  Banshee  
  66  5:20  Factory  
  74  5:22  SCV, Factory  
  74  5:27  Armory  
  75  5:30  SCV  
  75  5:34  SCV  
  72  5:43  SCV  
  72  5:47  Hellion x2  
  72  5:49  SCV  
  74  5:55  SCV  
  72  6:02  SCV  
  73  6:07  Factory Tech Lab x2, SCV  
  74  6:12  Orbital Command  
  74  6:14  SCV  
  75  6:19  SCV  
  75  6:20  Hellion x2  
  80  6:26  SCV  
  80  6:27  Thor x2  
  80  6:29  Terran Vehicle Weapons Level 1  
  93  6:33  Engineering Bay  
  93  6:36  Supply Depot  
  93  6:44  Hellion x2, Infernal Pre-Igniter  
  97  6:52  SCV  
  91  6:57  SCV  
  88  7:04  SCV  
  83  7:08  Hellion x2  
  83  7:10  Siege Tank x2  
  83  7:12  SCV  
  90  7:17  SCV  
  90  7:18  Orbital Command  
  90  7:20  Armory, Supply Depot  
  90  7:21  Refinery  
  91  7:23  Refinery  
  91  7:24  SCV  
  91  7:29  SCV  
  93  7:36  SCV, Hellion x2  
  98  7:41  SCV  
  99  7:44  SCV, Thor  
  99  7:47  Missile Turret  
  99  7:48  SCV  
  107  7:52  Thor  
  107  7:53  SCV  
  107  7:56  SCV  
  115  8:00  SCV  
  115  8:02  Supply Depot  
  115  8:05  SCV  
  114  8:06  Missile Turret  
  114  8:08  SCV  
  114  8:10  Hellion  
  114  8:12  Widow Mine, SCV  
  114  8:17  SCV  
  113  8:20  SCV  
  113  8:23  Missile Turret  
  113  8:25  SCV  
  106  8:31  Widow Mine  
  103  8:35  SCV  
  103  8:36  Thor  
  107  8:41  Missile Turret  
  107  8:42  SCV  
  107  8:44  SCV  
  109  8:51  Widow Mine  
  109  8:52  Terran Vehicle And Ship Armor Level 1  
  109  8:55  SCV x2  
  113  8:56  SCV  
  114  9:07  SCV x2, Command Center  
  114  9:09  Siege Tank  
  119  9:15  Hellion  
  119  9:17  SCV  
  122  9:19  Siege Tank  
  122  9:23  SCV, Missile Turret x2  
  123  9:24  Supply Depot  
  120  9:36  SCV x3  
  123  9:40  Missile Turret  
  123  9:44  Hellion  
  125  9:46  Hellion, Siege Tank  
  125  9:48  SCV  
  125  9:51  SCV  
  132  9:54  Factory  
  132  9:56  SCV, Factory  
  132  9:57  Supply Depot  
  132  9:59  Supply Depot  
  133  10:02  Supply Depot  
  133  10:09  Siege Tank  
  133  10:12  Hellion  
  133  10:14  SCV, Hellion  
  133  10:18  Siege Tank  
  119  10:29  SCV  
  108  10:38  SCV  
  108  10:41  SCV  
Show
View Real Time Build Order
Export as new Build Order

DRG Zerg - Winner!

Build Orders: Hatch First 

Get SALT Encoding   

  12  0:00  Drone  
  13  0:12  Overlord  
  13  0:17  Drone  
  14  0:31  Drone x2  
  16  0:48  Hatchery  
  15  0:52  Drone  
  15  0:55  Drone  
  17  0:59  Drone  
  18  1:13  Spawning Pool  
  18  1:16  Drone  
  18  1:20  Drone  
  19  1:28  Drone  
  20  1:39  Drone  
  21  1:42  Extractor  
  20  1:50  Drone  
  21  2:00  Queen x2  
  21  2:01  Zergling x4  
  27  2:11  Drone, Overlord  
  28  2:25  Drone, Spore Crawler  
  28  2:31  Drone  
  28  2:34  Drone x2  
  28  2:36  Queen  
  34  2:47  Metabolic Boost  
  34  2:49  Overlord  
  34  2:50  Drone  
  35  2:54  Drone  
  35  2:58  Hatchery  
  35  3:01  Drone  
  36  3:06  Overlord  
  36  3:10  Drone x2  
  36  3:12  Drone  
  39  3:15  Drone  
  39  3:19  Pneumatized Carapace  
  40  3:23  Queen  
  42  3:29  Overlord  
  42  3:31  Drone x2  
  44  3:35  Drone  
  44  3:38  Drone  
  46  3:42  Drone x3  
  46  3:46  Drone  
  50  3:50  Zergling x4  
  50  3:53  Drone  
  50  3:55  Drone  
  54  3:59  Queen  
  54  4:00  Zergling x2  
  57  4:06  Overlord  
  57  4:09  Drone  
  58  4:10  Queen  
  58  4:14  Overlord  
  58  4:15  Drone  
  61  4:17  Drone  
  61  4:19  Drone  
  61  4:20  Drone x2  
  61  4:21  Drone  
  66  4:28  Zergling x4  
  66  4:29  Drone  
  66  4:30  Drone  
  69  4:32  Lair  
  69  4:34  Drone x2  
  69  4:36  Queen  
  73  4:42  Drone  
  73  4:44  Zergling x4  
  76  4:48  Queen  
  76  4:51  Extractor, Spore Crawler x2  
  76  4:52  Extractor, Spore Crawler  
  73  4:53  Drone  
  73  4:56  Spore Crawler  
  73  4:59  Zergling x4  
  72  5:01  Zergling x4  
  74  5:08  Zergling x10  
  74  5:12  Queen  
  79  5:16  Spine Crawler  
  76  5:24  Drone x3, Queen  
  80  5:28  Extractor  
  80  5:29  Extractor, Drone x3  
  80  5:30  Extractor  
  80  5:31  Overlord  
  80  5:35  Overlord  
  79  5:39  Drone  
  79  5:40  Drone  
  76  5:43  Drone  
  76  5:44  Drone x2  
  76  5:47  Drone x3, Spire  
  80  5:50  Drone x2  
  80  5:55  Drone x3  
  85  5:57  Drone  
  85  5:58  Overseer  
  85  6:00  Drone  
  85  6:01  Drone  
  83  6:08  Drone x2  
  83  6:10  Drone x2  
  87  6:13  Baneling Nest  
  87  6:15  Drone  
  87  6:17  Drone  
  88  6:20  Drone x3  
  91  6:31  Overlord  
  91  6:32  Hatchery, Overlord  
  90  6:36  Overlord  
  90  6:43  Zergling x2  
  90  6:44  Zergling x14  
  98  6:52  Queen x2  
  98  6:53  Zergling x6  
  96  7:02  Mutalisk x5  
  103  7:13  Mutalisk x4  
  103  7:14  Overlord  
  111  7:18  Zerg Flyer Weapons Level 1  
  111  7:22  Overlord  
  111  7:28  Mutalisk  
  113  7:30  Overlord  
  113  7:34  Mutalisk x3  
  110  7:38  Drone x5  
  110  7:42  Drone, Roach Warren  
  110  7:43  Evolution Chamber  
  112  7:45  Drone x2  
  112  7:51  Drone x5  
  119  7:58  Zergling x14  
  126  8:00  Overlord  
  126  8:04  Zergling x4  
  128  8:16  Zergling x12  
  132  8:22  Drone  
  132  8:23  Extractor x2  
  132  8:25  Drone x2  
  132  8:26  Overlord  
  131  8:27  Overlord  
  131  8:29  Overlord  
  128  8:37  Spore Crawler  
  128  8:39  Glial Reconstitution  
  128  8:40  Zerg Missile Weapons Level 1  
  113  8:42  Drone x3  
  113  8:45  Overseer  
  113  8:47  Roach x5  
  113  8:48  Roach x6  
  138  8:53  Roach  
  138  8:54  Roach x4  
  147  9:04  Roach x5  
  158  9:10  Roach x2  
  158  9:16  Drone x3  
  159  9:18  Roach x5  
  159  9:22  Roach x2  
  173  9:26  Overlord  
  173  9:27  Overlord  
  173  9:34  Overlord x2  
  173  9:37  Drone x3, Infestation Pit  
  175  9:40  Overlord  
  175  9:50  Ravager x8  
  175  9:51  Ravager x9  
  175  9:52  Overlord  
  192  9:56  Zergling x10  
  192  9:59  Zergling x4  
  179  10:19  Zergling x32  
  175  10:30  Zergling x12  
Tags
 
Add a new tag
Caveats
  • Supply blocks, unpowered buildings, or Contaminate may cause inaccurate times.
  • Supply counts are checked every 10 seconds.